 Dungeon Crawl Stone Soup version 0.19-a0-1626-g5215c36 (webtiles) character file.

9 jacquesderrida the Charmwright (level 2, -4/15 HPs)
             Began as a Vine Stalker Skald on Sept 18, 2016.
             Slain by Natasha (6 damage)
             ... on level 2 of the Dungeon.
             The game lasted 00:00:34 (189 turns).

jacquesderrida the Charmwright (Vine Stalker Skald)  Turns: 189, Time: 00:00:35

Health: -4/15      AC:  3    Str: 14    XL:     2   Next: 16%
Magic:  0/6        EV: 11    Int: 17    God:
Gold:   8          SH:  0    Dex: 13    Spells: 1 memorised, 4 levels left

rFire  . . .     SeeInvis .     a - +0 falchion
rCold  . . .     Gourm    .     b - +0 leather armour
rNeg   . . .     Faith    .     (no shield)
rPois  .         Spirit   +     (no helmet)
rElec  .         Dismiss  .     (no cloak)
rCorr  .         Reflect  .     (no gloves)
MR     .....     Harm     .     (no boots)
Stlth  +.........               (no amulet)
                                (no ring)
                                (no ring)

@: brilliant, slowed, very slow
A: fangs 2, magic shield, antimagic bite, no device heal 3, rot immunity
a: no special abilities


You were on level 2 of the Dungeon.
You were not hungry.

You visited 1 branch of the dungeon, and saw 2 of its levels.

You collected 8 gold pieces.

Inventory:

Hand Weapons
 a - a +0 falchion (weapon)
Armour
 b - a +0 leather armour (worn)
Scrolls
 f - a scroll of teleportation {unknown}
Books
 c - a book of Battle

   Spells                             Type                      Level
   a - Infusion                       Charms                       1
   b - Shroud of Golubria             Charms/Translocation         2
   c - Song of Slaying                Charms                       2
   d - Spectral Weapon                Hexes/Charms                 3
   e - Regeneration                   Charms/Necromancy            3
Comestibles
 d - a bread ration
 g - a beef jerky


   Skills:
 - Level 1.7 Fighting
 + Level 2.5 Long Blades
 - Level 0.7 Armour
 - Level 0.7 Dodging
 - Level 2.1 Spellcasting
 - Level 3.0 Charms


You had 4 spell levels left.
You knew the following spells:

 Your Spells              Type           Power        Failure   Level  Hunger
a - Infusion              Chrm           ###.         1%          1    #......


Dungeon Overview and Level Annotations

Branches:
Dungeon (2/15)

Altars:

Annotations:
D:2 Natasha


Innate Abilities, Weirdness & Mutations

You have extremely sharp teeth.
When hurt, damage is shared between your health and your magic reserves.
Your bite disrupts and absorbs the magic of your enemies.
Potions and wands cannot restore your health.
You are immune to rotting.


Message History

* * * LOW HITPOINT WARNING * * *
The frilled lizard misses you.
You riposte.
You hit the frilled lizard.
You kill the frilled lizard!
Natasha casts a spell at you.
You feel yourself slow down.
You barely miss Natasha. You bite Natasha.
Natasha's magic leaks into the air.
You drain her magic.
You feel invigorated.
Natasha is lightly wounded.
Natasha barely misses you.
You riposte.
You hit Natasha.
Natasha is moderately wounded.
Natasha barely misses you.
You hit Natasha. Your bite misses Natasha.
Natasha is severely wounded.
Natasha stares at you and mumbles some strange words.
The magic dart hits you!
* * * LOW HITPOINT WARNING * * *
Natasha howls an incantation.
Natasha's front paws start to glow.
Natasha claws you!
You die...

....... ....
....... #....
....... ....
....... #..#
....... ##.K.#
(......####....#
#.#........#
###..<###....#
.......bh@K....#
.......####....#
....... ..!..#
....... .....#
.....l. .###.##
......# . .#
.....# #. .#


You could see Natasha, a bat and a kobold.

Vanquished Creatures
  A dart slug (D:1)
  A leopard gecko (D:1)
  A hobgoblin (D:1)
  A kobold (D:1)
  3 frilled lizards
7 creatures vanquished.

Notes
Turn   | Place    | Note
-------+----------+-------------------------------------------
     0 | D:1      | jacquesderrida the Vine Stalker Skald began the quest for the Orb.
     0 | D:1      | Reached XP level 1. HP: 11/11 MP: 4/4
   136 | D:1      | Reached XP level 2. HP: 5/15 MP: 3/6
   177 | D:2      | Noticed Natasha
   189 | D:2      | Slain by Natasha

Vault maps used:
D:1:      shiori_shiawase, lemuel_another_geyser
D:2:      lemuel_round_altar, ecumenical_altar_1, uniq_natasha, uniq_sigmund,
          uniq_terence

Skill      XL: |  1 |
---------------+----+-----
Long Blades    | 2 |  2.5
Fighting       | |  1.7
Armour         | |  0.7
Dodging        | |  0.7
Spellcasting   | |  2.1
Charms         | |  3.0

Action                   || total
-------------------------++-------
Melee: Falchion          ||    27
       Bite              ||     6
  Use: Potion            ||     1
Armor: Leather armour    ||     7
Dodge: Dodged            ||    16
